[Event "HSK IM Invitational 2022"]
[Site "Hamburg"]
[Date "2022.05.26"]
[Round "8.4"]
[White "Kopylov, Michael"]
[Black "Kotyk, Michael"]
[Result "1-0"]
[ECO "A14"]
[WhiteElo "2378"]
[BlackElo "2170"]
[Annotator "TA"]
[PlyCount "73"]
[EventDate "2022.05.20"]
[EventType "tourn"]
[EventCountry "GER"]
[SourceTitle "playchess.com"]
[Source "ChessBase"]
[SourceQuality "1"]
[TimeControl "40/5400+30:1800+30"]

1. Nf3 Nf6 2. c4 e6 3. g3 d5 4. Bg2 Be7 5. O-O O-O 6. b3 c5 7. Bb2 Nc6 8. cxd5 Nxd5 9. Na3 b6 10. Nc4 {[%emt 0:02:41] A14: English Opening: 1...e6 with b3 by White.} Bb7 11. Rc1 Rc8 12. a3 {[%emt 0:03:52] [#] The position is equal.} Bf6 $146 (12... b5 $15 13. Nce5 Nxe5 14. Nxe5 f6) ({Predecessor:} 12... b5 13. Nce5 Nxe5 14. Nxe5 f6 15. Nf3 Nb6 16. h4 Qd7 17. h5 e5 18. d3 Rc7 {1-0 (43) Pogonina,N (2472)-Lysenko,M (2285) Sochi 2022}) 13. Bxf6 Nxf6 14. Qc2 b5 15. Nce5 Nxe5 16. Nxe5 Bxg2 17. Kxg2 Qd5+ 18. Nf3 Rc6 19. d3 Rfc8 20. Qb2 Nd7 21. Rc2 e5 22. e4 Qd6 (22... Qxd3 $2 23. Rd2 Qxe4 24. Rxd7 $18) 23. Rfc1 f6 (23... Qxd3 $2 24. Rd2 Qxe4 25. Rxd7 $18) 24. b4 cxb4 (24... Qxd3 $2 25. Rd2 Qxe4 26. Rxd7 $18) 25. Rxc6 Rxc6 26. Rxc6 Qxc6 27. axb4 $11 {[%emt 0:00:03][%mdl 4096] Endgame KQN-KQN} a6 28. Qb3+ Kf8 29. Nd2 f5 30. Kf1 g6 31. Nf3 fxe4 32. dxe4 Qxe4 33. Ng5 {[%emt 0:03:13][%csl Gg5,LRe4,LRh7][%cal Rb3f7] [#]} Qf5 {[%emt 0:02:24] Inhibits Qf7+.} 34. h4 {[%emt 0:00:33] Strongly threatening g4.} h6 $2 (34... Kg7 $11) 35. g4 $1 $18 Nc5 36. bxc5 (36. gxf5 $2 {too greedy.} Nxb3 37. Nf3 e4 $19) 36... Qd7 37. c6 {[%emt 0:00:30] Weighted Error Value: White=0.06 (flawless) /Black=0.40} 1-0

[Event "HSK IM Invitational 2022"]
[Site "Hamburg"]
[Date "2022.05.26"]
[Round "8.5"]
[White "Garner, Isaac"]
[Black "Schulze, Lara"]
[Result "0-1"]
[ECO "D37"]
[WhiteElo "2240"]
[BlackElo "2303"]
[Annotator "TA"]
[PlyCount "102"]
[EventDate "2022.05.20"]
[EventType "tourn"]
[EventCountry "GER"]
[SourceTitle "playchess.com"]
[Source "ChessBase"]
[SourceQuality "1"]
[TimeControl "40/5400+30:1800+30"]

1. Nf3 d5 2. d4 Nf6 3. c4 e6 4. Nc3 a6 5. cxd5 exd5 6. Bg5 {[%emt 0:00:06] D37: Queen's Gambit Declined: 5 Bf4.} Be6 7. e3 Nbd7 8. Bd3 {[%emt 0:00:11] The position is equal.} Bd6 9. O-O c6 $1 {[%emt 0:00:26] The main line 9...c6 scores better than 9...0-0.} 10. Qc2 Qc7 11. Bh4 h6 12. Rac1 O-O {[%emt 0:03:07] [#]} 13. a3 $146 ({Predecessor:} 13. Bg3 Rfe8 14. Nd2 Bxg3 15. hxg3 Re7 16. Na4 Rae8 17. Rfe1 h5 18. b4 Ng4 19. Nf1 {½-½ (35) Ruck,R (2529)-Berkes,F (2658) Budapest 2017}) 13... Bg4 14. Bg3 Bxg3 15. hxg3 Qd6 16. Nh4 Rfe8 17. Na4 a5 (17... Ne4 {seems wilder.} 18. b4 a5 19. Nc5 axb4 20. axb4 Ndf6) 18. Nc5 Nxc5 19. Qxc5 Qxc5 20. Rxc5 Ne4 21. Rc2 Nd6 22. Nf3 a4 23. Ne5 Be6 24. Rcc1 f6 25. Ng6 Nc4 26. Rc2 b5 27. Nf4 Rab8 28. Bg6 Bf7 29. Bf5 Re7 30. Nd3 Nd6 31. Bh3 Bg6 32. Rxc6 Bxd3 33. Rd1 Nc4 34. Rxd3 Nxb2 35. Rdc3 {[%emt 0:00:31] aiming for Be6+.} Kf7 {[%emt 0:00:27] Prevents Be6+.} 36. R6c5 Ra7 37. Bf5 b4 38. axb4 {[%emt 0:00:10] Black must now prevent b5.} Rxb4 (38... Nc4 $1 $11) 39. Bb1 $2 (39. Rc7+ $1 $16 Rxc7 40. Rxc7+ Ke8 41. Ra7 (41. Rxg7 a3 $14)) 39... Nc4 $36 {[%emt 0:01:20][%mdl 2048] Keeping White busy.} 40. Ba2 Rb2 {[%emt 0:00:40] Black is more active.} 41. Bxc4 (41. Rxd5 $142 Rxa2 42. Rxc4) 41... dxc4 42. R5xc4 {[%emt 0:00:55][%mdl 4096] Endgame KRR-KRR} a3 43. Rc7+ Rxc7 44. Rxc7+ $19 {[%emt 0:00:00] KR-KR} Ke6 45. Ra7 {[%emt 0:00:00] Hoping for Ra6+.} a2 {[%emt 0:00:00][%mdl 1024] ...Rb1+ is the strong threat. Black has strong compensation.} 46. Kh2 {[%emt 0:00:00] [#]} Kd5 $1 47. Ra5+ $2 {[%emt 0:00:00] [#]} (47. Ra4) 47... Kc4 $1 {[%emt 0:00:00] Black is clearly winning.} ({Inferior is} 47... Ke4 48. d5 $17) 48. d5 Kb3 49. d6 Rd2 50. Rb5+ Ka4 51. Rb6 Ka5 {[%emt 0:00:00][%mdl 64] Deflection.  Weighted Error Value: White=0.46/Black=0.06 (flawless)} 0-1

[Event "HSK IM Invitational 2022"]
[Site "Hamburg"]
[Date "2022.05.27"]
[Round "9.1"]
[White "Schulze, Lara"]
[Black "Clarke, Brandon G I"]
[Result "1/2-1/2"]
[ECO "B30"]
[WhiteElo "2303"]
[BlackElo "2445"]
[Annotator "TA"]
[PlyCount "43"]
[EventDate "2022.05.20"]
[EventType "tourn"]
[EventCountry "GER"]
[SourceTitle "playchess.com"]
[Source "ChessBase"]
[SourceQuality "1"]
[TimeControl "40/5400+30:1800+30"]

1. e4 c5 2. Nc3 Nc6 3. Nf3 e5 4. Bc4 Be7 5. d3 d6 6. O-O Bg4 {[%emt 0:02:19] B30: Sicilian: 2...Nc6 3 Bb5, lines without ...g6.} 7. h3 Bh5 8. Nd5 Nf6 {[%emt 0:06:04] White is slightly better.} 9. c3 O-O 10. a3 {[%emt 0:03:09] [#]} Rb8 $146 ({Predecessor:} 10... Kh8 11. b4 b6 12. b5 Na5 13. Nxf6 Bxf3 14. Qxf3 Bxf6 15. Bd5 Rc8 16. c4 Nb3 {½-½ (60) Libiszewski,F (2531)-Shirov,A (2696) Rabat 2015}) 11. b4 b5 12. Bb3 a5 13. Be3 axb4 14. axb4 (14. g4 {feels hotter.} Bg6 15. axb4 cxb4 16. Ra6) 14... cxb4 15. cxb4 {[%emt 0:13:45] White is much more active.} (15. g4 $16 Bg6 16. Nxb4 (16. Nxe7+ Qxe7 17. cxb4 Nxb4 $11) 16... Nxb4 17. cxb4) 15... Nxd5 $11 {[%emt 0:00:00] The position is equal.} 16. exd5 Bxf3 (16... Nxb4 $2 17. Qd2 $18) 17. Qxf3 Nd4 (17... Nxb4 $2 18. Bd2 $18) 18. Bxd4 exd4 19. Ra6 Ra8 20. Rc6 Ra3 21. Rb1 Re8 22. g3 {[%emt 0:05:32] Weighted Error Value: White=0.14 (very precise) /Black=0.07 (flawless)} 1/2-1/2

[Event "HSK IM Invitational 2022"]
[Site "Hamburg"]
[Date "2022.05.27"]
[Round "9.2"]
[White "Kotyk, Michael"]
[Black "Garner, Isaac"]
[Result "1/2-1/2"]
[ECO "D85"]
[WhiteElo "2170"]
[BlackElo "2240"]
[Annotator "TA"]
[PlyCount "46"]
[EventDate "2022.05.20"]
[EventType "tourn"]
[EventCountry "GER"]
[SourceTitle "playchess.com"]
[Source "ChessBase"]
[SourceQuality "1"]
[TimeControl "40/5400+30:1800+30"]

1. d4 Nf6 2. c4 g6 3. Nc3 d5 4. cxd5 Nxd5 5. e4 Nxc3 6. bxc3 Bg7 7. Nf3 c5 8. Rb1 O-O 9. Be2 cxd4 10. cxd4 Qa5+ 11. Bd2 Qxa2 12. O-O Bg4 13. Rxb7 {[%emt 0:02:30] D85: Exchange Grünfeld: Unusual White 7th moves and lines with 7 Nf3.} Bxf3 14. Bxf3 Bxd4 15. e5 {[%emt 0:00:15] White is slightly better.} (15. Bb4 $5 Rd8 16. Qc1 $11 (16. Bxe7 $2 Bxf2+ 17. Rxf2 Rxd1+ 18. Bxd1 Qa1 $19) (16. Rxe7 $2 Nc6 $19)) 15... Na6 16. Rxe7 Rad8 17. e6 fxe6 {[%emt 0:01:10] [#] And now ...Bc5 would win.} 18. Qe1 {[%emt 0:00:28] [#]} Nc5 $146 ({Predecessor:} 18... Bf6 19. Rxa7 Rxd2 20. Rxa6 Qxa6 21. Qxd2 Qb6 22. g3 Bd4 23. Qe2 Rf6 24. Kg2 Qb2 25. Qxb2 Bxb2 {½-½ (44) Grischuk,A (2776)-Vachier Lagrave,M (2760) Bucharest 2021}) 19. Bc3 {[%emt 0:00:28] Strongly threatening Bxd4.} Nd3 20. Bxd4 $1 {[%emt 0:00:16] The board is on fire. A strong pair of Bishops.} Nxe1 21. Rg7+ Kh8 22. Rd7+ Kg8 (22... e5 $2 23. Bxe5+ Rf6 24. Bxf6+ Kg8 25. Rxd8+ $18) 23. Rg7+ Kh8 {[%emt 1:34:02] Weighted Error Value: White=0.06 (flawless) /Black=0.03 (flawless)} 1/2-1/2

[Event "HSK IM Invitational 2022"]
[Site "Hamburg"]
[Date "2022.05.27"]
[Round "9.3"]
[White "Kopylov, Daniel"]
[Black "Kopylov, Michael"]
[Result "1-0"]
[ECO "B01"]
[WhiteElo "2292"]
[BlackElo "2378"]
[Annotator "TA"]
[PlyCount "67"]
[EventDate "2022.05.20"]
[EventType "tourn"]
[EventCountry "GER"]
[SourceTitle "playchess.com"]
[Source "ChessBase"]
[SourceQuality "1"]
[TimeControl "40/5400+30:1800+30"]

1. e4 d5 2. exd5 Qxd5 3. Nc3 Qa5 4. d4 c6 5. Bc4 Nf6 6. Nf3 Bf5 7. O-O e6 8. Bd2 Qc7 {[%emt 0:01:34] 8...Qc7 scores better than 8...Nbd7.} 9. Qe2 {[%emt 0:06:09] B01: Scandinavian Defence.} Be7 10. Bg5 O-O {[%emt 0:07:05] [#]} 11. h3 $146 {[%emt 0:05:20] The position is equal.} ({Predecessor:} 11. Rfe1 Nbd7 12. h3 Nb6 13. Bb3 Rad8 14. Rad1 c5 15. Nb5 Qb8 16. dxc5 Bxc5 17. Nfd4 {0-1 (26) Echevarria del Toro,V (2286)-Gutierrez Espinosa,K (2060) Havana 2018}) 11... h6 12. Bh4 Nbd7 13. Bg3 Qb6 14. Bb3 Rfe8 15. Rad1 c5 16. Na4 Qa5 {[%emt 0:03:00][%cal Oc5c4] Threatens to win with ...c4!} 17. Nxc5 Nxc5 18. dxc5 Qxc5 19. Nd4 Bg6 20. Qb5 (20. Be5 $11) 20... Ne4 $15 21. Bf4 a6 (21... Bf6 $15 22. Qxc5 Nxc5) 22. Qxb7 $11 e5 {[%emt 0:07:44] [#]} (22... Bf6 $1 $11 {keeps the balance.} 23. Be3 Qc8 24. Qxc8 Rexc8) 23. Nc6 $1 $16 {[%emt 0:00:55] And now Be3 would win. White is more active.} exf4 24. Rd5 Rac8 $2 (24... Bf6 $16 {is a better defense.} 25. Rxc5 Nxc5) 25. Rxc5 $18 Bxc5 26. c3 (26. Qxa6 $18 {[%cal Oc6e5] Ne5! is the strong threat.} Nd2 27. Rc1) 26... Ng3 $2 (26... Nxf2 $16 27. Nd4 (27. Rxf2 $2 Rxc6 28. Qxc6 Re1+ 29. Kh2 Bxf2 $19) (27. Qxa6 Bd3 $11) 27... Nd3) 27. Ne7+ $2 Bxe7 $16 28. fxg3 {[%emt 0:00:15] Chess con chili.} Bc5+ 29. Kh1 Rb8 $2 (29... fxg3 $16 {is tougher.} 30. Qxa6 (30. Bxf7+ Bxf7 31. Qxf7+ Kh8 $14) 30... Kh8) 30. Qc6 $18 {[%emt 0:00:51] White is clearly winning.} Rec8 31. Qxg6 Rxb3 32. Qxa6 Rbb8 33. gxf4 Re8 34. b4 {[%emt 0:00:14] Weighted Error Value: White=0.18 (very precise) /Black=0.67} 1-0

[Event "HSK IM Invitational 2022"]
[Site "Hamburg"]
[Date "2022.05.27"]
[Round "9.4"]
[White "Miezis, Normunds"]
[Black "Bracker, Arne"]
[Result "1-0"]
[ECO "A36"]
[WhiteElo "2452"]
[BlackElo "2276"]
[Annotator "TA"]
[PlyCount "123"]
[EventDate "2022.05.20"]
[EventType "tourn"]
[EventCountry "GER"]
[SourceTitle "playchess.com"]
[Source "ChessBase"]
[SourceQuality "1"]
[TimeControl "40/5400+30:1800+30"]

1. c4 c5 2. Nc3 Nc6 3. g3 g6 4. Bg2 Bg7 5. d3 e6 6. a3 {[%emt 0:01:23] A36: Symmetrical English vs ...g6: 4 Bg2 Bg7.} Nge7 7. h4 {[%emt 0:00:49] [#]} O-O $146 ({Predecessor:} 7... h6 8. Bd2 d6 9. Rb1 b6 10. b4 Bb7 11. Nh3 Qd7 12. Nf4 O-O 13. O-O Nd4 {1-0 (68) Miezis,N (2485)-Nilsen,T (2146) Fagernes 2020}) 8. h5 {[%emt 0:01:03] White has an edge.} d5 9. cxd5 exd5 10. hxg6 hxg6 ({Black should try} 10... fxg6 $11 11. Bg5 Qd6) 11. Nh3 (11. Bh6 $14) 11... Bg4 $11 (11... d4 12. Ne4 $16) 12. Nf4 Re8 13. Kf1 Nd4 14. Bh3 (14. Rb1 $11) 14... Qd7 15. Bxg4 Qxg4 16. Kg2 Nef5 (16... Rad8 $15) 17. e4 {[%emt 0:05:16] The board is on fire.} (17. Bd2 {is interesting.} g5 18. e3 Qxd1 19. Raxd1 gxf4 20. exd4 f3+ 21. Kxf3 Nxd4+ 22. Kg2) 17... Qxd1 18. Rxd1 dxe4 19. dxe4 Nb3 20. Rb1 Nfd4 21. Be3 Rac8 22. Nfd5 Kf8 23. Bf4 {[%emt 0:04:18] Threatens to win with Bd6+.} Rc6 {[%emt 0:00:12] Inhibits Bd6+.} (23... f6 $11 {keeps the balance.}) 24. Rh1 $1 $16 Ne6 25. Bh6 Bxh6 26. Rxh6 Kg7 {[%emt 0:00:05] Inhibits Rh8.} 27. Rbh1 {[%emt 0:00:41] White wants to mate with Rh7+.} Nf8 {[%emt 0:00:02] Against Rh7+} 28. f4 $36 {[%emt 0:07:31][%mdl 2048] Hoping for e5. Keeping Black busy.} f6 {[%emt 0:00:02] Prevents e5.} 29. Rh8 {[%emt 0:00:21][%cal Oh1h7] aiming for R1h7+!} Rcc8 (29... Kf7 $16) 30. f5 $1 $18 gxf5 31. exf5 Nd4 32. g4 Ne2 33. Nb5 Nd4 34. Nbc3 (34. Nxa7 Rcd8 35. Nc7 Re4 36. R1h7+ Nxh7 $11) 34... Ne2 $1 {[%emt 0:00:05] [#] Inhibits Nf4.} 35. R1h6 (35. Rxf8 $1 $18 Kxf8 36. Nxf6 Nxc3 37. Nxe8 (37. bxc3 Red8 $16)) 35... Rc6 {[%emt 0:02:56] [#]} (35... Nxc3 $16 36. bxc3 Rc6) 36. R6h7+ Nxh7 $16 37. Rxe8 Nxc3 38. Re7+ Kh6 39. bxc3 {[%emt 0:00:17][%cal Bb2c3,Bc3c4][%mdl 4128] Endgame KRN-KRN} Rd6 40. c4 {[%emt 0:00:24] White is more active.} Ra6 (40... b5 $16 {was called for.}) 41. Rf7 (41. Rxb7 $18 {Rc7 is the strong threat.} Rxa3 42. Rc7) 41... Rxa3 $14 42. Ne7 ({Better is} 42. Rxb7 $16 {And now Rc7 would win.} a5 43. Rc7) 42... b6 ({Don't do} 42... Ra2+ 43. Kg3 Ra3+ 44. Kf2 $14) 43. Kf2 Rc3 (43... Rh3 $1 $11) 44. Nd5 ({White should play} 44. Ng8+ $14 Kg5 45. Rxh7 Kxg4 46. Ne7 (46. Rxa7 Kxf5 47. Ne7+ Ke5 $14) 46... Rc2+ 47. Ke3 Rc3+ 48. Ke4 Rxc4+ 49. Kd5) 44... Rxc4 $11 45. Kg3 Rc1 46. Nxf6 Nxf6 (46... Rc3+ $1 $11 47. Kf4 (47. Kh4 Rh3+ 48. Kxh3 Ng5+ 49. Kh4 Nxf7 $11) 47... Rf3+ 48. Ke5 Re3+ 49. Kf4 Rf3+ 50. Ke5 Re3+ 51. Kf4 Rf3+) 47. Rxf6+ {[%emt 0:00:00] KR-KR} Kg7 48. Rc6 b5 {[%emt 0:02:36] [#]} 49. g5 (49. Kf4 $142 $1) 49... Rf1 $2 {[%emt 0:05:03][%mdl 8192] A mistake that costs the game.} (49... b4 $16) 50. Rxc5 $18 {[%emt 0:00:08] Intending Rc7+ and mate.} b4 51. Rc7+ Kf8 {[%emt 0:00:13] [#]} 52. Kg4 $1 a5 53. Rb7 Rf2 54. f6 Ke8 55. Kh5 {[%emt 0:00:21] Kg6 would kill now.} Rf4 56. Kg6 {[%emt 0:00:28] White mates.} a4 57. f7+ Kf8 58. Rb8+ Ke7 59. Re8+ Kd7 60. f8=Q Rxf8 61. Rxf8 Kc7 62. Rf4 {[%emt 0:00:19] Weighted Error Value: White=0.21 (precise) /Black=0.37} 1-0

[Event "HSK IM Invitational 2022"]
[Site "Hamburg"]
[Date "2022.05.27"]
[Round "9.5"]
[White "Fischer, Daniel"]
[Black "Hommer, Jeremy"]
[Result "1-0"]
[ECO "B12"]
[WhiteElo "2367"]
[BlackElo "2152"]
[Annotator "TA"]
[PlyCount "69"]
[EventDate "2022.05.20"]
[EventType "tourn"]
[EventCountry "GER"]
[SourceTitle "playchess.com"]
[Source "ChessBase"]
[SourceQuality "1"]
[TimeControl "40/5400+30:1800+30"]

1. e4 c6 2. d4 d5 3. e5 Bf5 4. Nf3 e6 5. Be2 c5 6. Be3 Nd7 7. O-O Ne7 8. c4 dxc4 9. Bxc4 {[%emt 0:04:51] has lost popularity (9.Na3). B12: Caro-Kann: Advance Variation.} a6 10. Nc3 Nc6 {[%emt 0:00:10] [#]} 11. Qe2 $146 {[%emt 0:09:59] White is slightly better.} ({Predecessor:} 11. Bb3 cxd4 12. Nxd4 Nxd4 13. Bxd4 Bc5 14. Bxc5 Nxc5 15. Qf3 Nxb3 16. axb3 O-O 17. Qxb7 {1-0 (29) Huschenbeth,N (2588)-Kvisla,J (2318) Chess.com INT 2017}) 11... Be7 (11... Bg4 $11 12. Rad1 cxd4 13. Bxd4 Qc7) 12. Rfd1 Qc7 (12... Bg4 $11 {and Black stays safe.}) 13. d5 $1 $18 Ncxe5 14. Bf4 Nxf3+ 15. Qxf3 e5 {[%emt 0:13:03] [#]} 16. Bg5 $36 {[%emt 0:03:25][%mdl 2560] Keeping Black busy. White is more active.} Bxg5 17. Qxf5 {[%emt 0:00:54] Hoping for d6.} ({Don't do} 17. d6 Qd8 18. Qxf5 O-O $16) 17... Bf6 $2 {[%emt 0:03:18] A mistake that costs the game.} (17... Qd8 $16) 18. d6 Qd8 {[%emt 0:02:30] [#]} 19. Nd5 $1 {[%emt 0:01:36] Black must now prevent Nc7+.} O-O 20. Rd3 (20. Bd3 $142 g6 {[#]} 21. Qxd7 $3 ) 20... b5 (20... h6 $142 21. Rb3 b5) 21. Ne7+ $1 ({Not} 21. Rh3 g6 22. Qxd7 bxc4 $14) 21... Bxe7 22. dxe7 Qxe7 {[%emt 0:00:06] Threatens to win with ...Nf6.} 23. Rxd7 Qf6 24. Qxf6 gxf6 25. Be2 Rfd8 26. Rad1 Rxd7 27. Rxd7 {[%emt 0:00:01][%mdl 4096] Endgame KRB-KR} c4 28. Bh5 Rc8 29. Bxf7+ {[%emt 0:01:24] White is clearly winning.} Kf8 30. Kf1 b4 31. Ke2 a5 32. Be6 Rc6 33. Bd5 Rc5 34. Be4 h5 35. Rd5 {[%emt 0:00:30] Weighted Error Value: White=0.12 (very precise) /Black=0.45} 1-0